 Dungeon Crawl Stone Soup version 0.20.1-1-g8b1a95d (webtiles) character file.

112 Zedayar the Ruffian (level 4, -2/44 HPs)
             Began as a Troll Berserker on Aug 25, 2017.
             Was a Believer of Trog.
             Killed by divine providence
             ... invoked by an orc priest
              (13 damage)
             ... on level 3 of the Dungeon.
             The game lasted 00:08:50 (1383 turns).

Zedayar the Ruffian (Troll Berserker)               Turns: 1383, Time: 00:08:51

Health: -2/44      AC:  5    Str: 26    XL:     4   Next: 64%
Magic:  0/3        EV:  7    Int:  3    God:    Trog [**....]
Gold:   93         SH:  7    Dex:  9    Spells: 3/3 levels left

rFire    x . .     SeeInvis .     - Unarmed
rCold    + . .     Gourm    +   i - +0 shield {reflect}
rNeg     . . .     Faith    .   a - +0 animal skin
rPois    .         Spirit   +   (helmet restricted)
rElec    .         Reflect  +   (no cloak)
rCorr    .         Harm     .   (gloves unavailable)
MR       .....                  (boots unavailable)
Stlth    +.........             g - amulet of guardian spirit
Regen    0.6/turn               k - ring of ice
MPRegen  0.1/turn               (no ring)

@: no status effects
A: unfitting armour, claws 3, fast metabolism 3, gourmand, regeneration 1,
shaggy fur 1, tough skin 2
a: Berserk, Trog's Hand, Burn Spellbooks, Renounce Religion


You were on level 3 of the Dungeon.
You worshipped Trog.
Trog was pleased with you.
You were not hungry.

You visited 1 branch of the dungeon, and saw 3 of its levels.

You collected 93 gold pieces.

Inventory:

Hand Weapons
 p - a +2 quarterstaff of speed
Armour
 a - a +0 animal skin (worn)
 i - a +0 shield of reflection (worn)
Jewellery
 g - an amulet of guardian spirit (around neck)
 k - a ring of ice (left claw)
Scrolls
 c - a scroll of teleportation {unknown}
 f - 3 scrolls of magic mapping {unknown}
 l - a scroll of fog {unknown}
 n - a scroll of enchant armour {unknown}
Potions
 e - a potion of curing {unknown}
 h - a potion of resistance {unknown}
 j - a potion of agility {unknown}
 o - a potion of brilliance {unknown}
Comestibles
 b - 5 bread rations
 d - a royal jelly
 m - 6 chunks of flesh


   Skills:
 + Level 2.7 Fighting
 + Level 3.0 Dodging
 + Level 0.2 Shields
 * Level 4.6 Unarmed Combat


You had 3 spell levels left.
You didn't know any spells.

Dungeon Overview and Level Annotations

Branches:
Dungeon (3/15)

Altars:
Trog


Innate Abilities, Weirdness & Mutations

You are too large for most types of armour.
You have claws for hands.
Your metabolism is lightning-fast.
You like to eat raw meat.
Your natural rate of healing is unusually fast.
You are covered in fur. (AC +1)
You have very tough skin. (AC +2)


Message History

The orc priest calls down the wrath of Beogh upon you.
Beogh smites you!
An orc and an orc priest come into view.
The bat hits you but does no damage. The bat hits you but does no damage.
The bat barely misses you.
The orc priest invokes the aid of Beogh against you.
Beogh smites you!
The orc shouts!
The orc priest shouts!
You block the bat's attack. The bat hits you but does no damage.
The bat barely misses you. The bat hits you but does no damage.
You block the bat's attack.
The orc priest calls down the wrath of Beogh upon you.
Beogh smites you!
* * * LOW HITPOINT WARNING * * *
The bat hits you but does no damage.
The orc priest calls down the wrath of Beogh upon you.
Beogh smites you!
You die...

########## #########
#........# #........
#........#### #........
#...........# ####........
#.........#.# #.##........
#.........#.###...........
#.>.......................
#...........@.bo..o.o.....
#####.........#.###.....o...#.
#...........#.#.# #.........#
#...........#.#...............
#.............................
#........#....................
#....<...'.......#............
#........#.......#....####....
#####..............


You could see an orc priest, an orc and a bat.

Vanquished Creatures
  A worker ant (D:3)
  3 adders (D:2)
  An ooze (D:1)
  5 orcs (D:3)
  5 bats
  3 giant cockroaches
  7 goblins
  7 hobgoblins
  3 jackals (D:1)
  2 quokkas (D:2)
  8 frilled lizards (D:1)
  2 kobolds
  4 rats
51 creatures vanquished.

Notes
Turn   | Place    | Note
-------+----------+-------------------------------------------
     0 | D:1      | Zedayar the Troll Berserker began the quest for the Orb.
     0 | D:1      | Reached XP level 1. HP: 22/22 MP: 0/0
   197 | D:1      | Reached XP level 2. HP: 26/29 MP: 1/1
   501 | D:1      | Reached XP level 3. HP: 36/36 MP: 2/2
   644 | D:1      | Reached ** piety under Trog
   909 | D:2      | Reached skill level 4 in Unarmed Combat
  1131 | D:2      | Reached XP level 4. HP: 36/44 MP: 3/3
  1174 | D:2      | Found a bloodstained altar of Trog.
  1383 | D:3      | Killed from afar by an orc priest

Skill      XL: |  1  2  3 |
---------------+----------+-----
Unarmed Combat | 4 |  4.6
Dodging        | 3 |  3.0
Fighting       | |  2.7
Shields        | |  0.2

Action                   |  1- 3 |  4- 6 || total
-------------------------+-------+-------++-------
Melee: Unarmed           |   113 |    25 ||   138
Invok: Berserk           |     1 |     1 ||     2
  Eat: Chunk             |     8 |     5 ||    13
Armor: Animal skin       |    43 |    24 ||    67
Dodge: Dodged            |    57 |    21 ||    78
Block: Shield            |    33 |    20 ||    53
       Reflection        |     2 |       ||     2
